[Event "Early-Titled-Tuesday-Blitz-October-17-2023"]
[Site "Chess.com"]
[Date "2023.10.17"]
[Round "5"]
[White "jraosam"]
[Black "mfwagnerpeixoto"]
[Result "1-0"]
[WhiteElo "2087"]
[BlackElo "2319"]
[TimeControl "180+1"]
[EndTime "8:57:42 PDT"]
[Termination "jraosam won on time"]

1. d4 Nf6 2. c4 g6 3. Nc3 d5 4. Nf3 Bg7 5. h3 O-O 6. Bf4 c5 7. e3 cxd4 8. Nxd4 Nc6 9. Nxc6 bxc6 10. Bd3 Be6 11. Qe2 Qa5 12. O-O Nh5 13. cxd5 Nxf4 14. exf4 cxd5 15. Rfc1 Rab8 16. g4 Rfd8 17. f5 d4 18. fxe6 dxc3 19. exf7+ Kf8 20. bxc3 Qe5 21. Qxe5 Bxe5 22. Bc4 Rdc8 23. Bb3 Rxc3 24. Rxc3 Bxc3 25. Rc1 Bf6 26. Rc7 a5 27. Ra7 Bc3 28. Kg2 Bb4 29.
f4 Rd8 30. h4 Kg7 31. h5 gxh5 32. gxh5 Rf8 33. Kf3 1-0

[Event "Early-Titled-Tuesday-Blitz-October-17-2023"]
[Site "Chess.com"]
[Date "2023.10.17"]
[Round "5"]
[White "Aygehovit1992"]
[Black "AsadliVugar"]
[Result "0-1"]
[WhiteElo "2699"]
[BlackElo "2890"]
[TimeControl "180+1"]
[EndTime "8:57:43 PDT"]
[Termination "AsadliVugar won on time"]

1. e4 g6 2. d4 d6 3. Nc3 c6 4. Be3 b5 5. a4 b4 6. Nce2 Nf6 7. f3 h5 8. Nf4 Nbd7 9. Bc4 d5 10. Bb3 dxe4 11.
Qd2 Nb6 12. O-O-O Nbd5 13. Nge2 exf3 14. gxf3 h4 15. Kb1 Bf5 16. Nxd5 Nxd5 17. Nf4 e6 18.
Nxd5 cxd5 19. Bg5 Be7 20. Bxe7 Qxe7 21. Rhe1 Rc8 22. Rc1 O-O 23. Bxd5 Rfd8 24. Bb3 Qf6 25. Rcd1 a5 26. Re5 Qxe5 27. dxe5 Rxd2 28. Rxd2 Kf8 29. f4 h3 30. Rd4 Ke7 31. Bc4 f6 32. exf6+ Kxf6 33. Bd3 Rh8 34. c3 bxc3 35. bxc3 Rh4 36. Kc2 Rg4 37.
Bxf5 Rg2+ 38. Rd2 Kxf5 0-1

[Event "Early-Titled-Tuesday-Blitz-October-17-2023"]
[Site "Chess.com"]
[Date "2023.10.17"]
[Round "5"]
[White "GradualismUnleashed"]
[Black "sokidze"]
[Result "0-1"]
[WhiteElo "2618"]
[BlackElo "2789"]
[TimeControl "180+1"]
[EndTime "8:57:44 PDT"]
[Termination "sokidze won by resignation"]

1. e4 c6 2. d4 d5 3. e5 Bf5 4. h4 h5 5. Bd3 Bxd3 6. Qxd3 Qa5+ 7.
Bd2 Qa6 8. e6 Qxd3 9. exf7+ Kxf7 10. cxd3 Nh6 11. Bc3 Nf5 12. Nd2 g6 13. Ngf3 Bg7 14.
Ng5+ Kg8 15. Ndf3 Nd7 16. O-O Bf6 17. g3 Kg7 18. Rae1 Nf8 19. Re2 Nh7 20. Ne6+ Kf7 21.
Rfe1 Rac8 22. Kg2 Rhe8 23. b4 Nf8 24. Nc5 b6 25. Ne6 Nxe6 26. Rxe6 c5 27. bxc5 bxc5 28. Ra6 cxd4 29. Bd2 e5 30. Bg5 Bg7 31. Rxa7+ Kg8 32. Rb1 e4 33. Ne1 Rc3 34. a4 Ra3 35. a5 Ra2 36. a6 e3 37. Kg1 exf2+ 0-1

[Event "Early-Titled-Tuesday-Blitz-October-17-2023"]
[Site "Chess.com"]
[Date "2023.10.17"]
[Round "5"]
[White "jk13"]
[Black "giomar27"]
[Result "0-1"]
[WhiteElo "2672"]
[BlackElo "2355"]
[TimeControl "180+1"]
[EndTime "8:57:45 PDT"]
[Termination "giomar27 won on time"]

1. e4 e5 2. Nf3 Nc6 3. Bc4 Nf6 4. d3 h6 5. O-O d6 6. a4 g5 7. c3 Bg7 8. a5 a6 9. b4 O-O 10. Re1 Ne7 11. Nbd2 Ng6 12. Nf1 c6 13. Bb3 d5 14.
Qc2 Re8 15. Ng3 Be6 16. Bb2 Qd7 17. Rad1 Rad8 18. c4 d4 19. c5 g4 20. Nd2 h5 21.
Nc4 h4 22. Ne2 Nh5 23. g3 Qe7 24. Nd6 Rf8 25. Bc1 Kh7 26. Bd2 Bf6 27. Bc4 Qd7 28.
Qc1 Be7 29. Bg5 f6 30. Bd2 Bxd6 31. cxd6 Qxd6 32. Kg2 f5 33. Bg5 Rd7 34. Rf1 Rdf7 35. Kg1 f4 36. Qd2 Bxc4 37. dxc4 Qe6 38. Qd3 fxg3 39. fxg3 Rf3 40. Qc2 Qf7 41. Qc1 Rf2 42. gxh4 Qf3 43. Nf4 Ngxf4 44. Bxf4 Nxf4 45. Qxf4 Rxf1+ 46. Rxf1 Rxf4 47. Rxf3 Rxf3 0-1

[Event "Early-Titled-Tuesday-Blitz-October-17-2023"]
[Site "Chess.com"]
[Date "2023.10.17"]
[Round "5"]
[White "Szczor"]
[Black "kingofthenil"]
[Result "0-1"]
[WhiteElo "2531"]
[BlackElo "2718"]
[TimeControl "180+1"]
[EndTime "8:57:46 PDT"]
[Termination "kingofthenil won by resignation"]

1. d4 d6 2. e4 e6 3. Nc3 Nf6 4. f4 a6 5. a4 d5 6. e5 Ne4 7.
Bd3 Qh4+ 8. g3 Nxg3 9. Nf3 Qh3 10. Rg1 Nf5 11. Bxf5 Qxf5 12. Rg5 Qh3 13. Rg3 Qf5 14. Rg5 Qh3 15. Rg3 Qh5 16. Rg5 Qh6 17. f5 Nc6 18.
Rg4 Qh3 19. Ng5 Qxh2 20. Qf3 exf5 21. Nxd5 Bb4+ 22. c3 O-O 23. Rg2 Qh4+ 24. Qg3 Qxg3+ 25. Rxg3 Be7 26. Nxe7+ Nxe7 27. c4 Ng6 28. Rh3 f4 29. Rh5 Rd8 30. Rh2 Rxd4 31. b3 Nxe5 32. Bb2 Nd3+ 33. Kf1 Nxb2 34. Rxb2 Bf5 35. Re1 h6 36.
Nf3 Rd3 37. Ne5 Re3 38. Rf2 Rxe1+ 39. Kxe1 Re8 0-1

[Event "Early-Titled-Tuesday-Blitz-October-17-2023"]
[Site "Chess.com"]
[Date "2023.10.17"]
[Round "5"]
[White "Akylbek2021"]
[Black "familijatop71"]
[Result "1-0"]
[WhiteElo "2275"]
[BlackElo "2113"]
[TimeControl "180+1"]
[EndTime "8:57:46 PDT"]
[Termination "Akylbek2021 won on time"]

1. e4 e6 2. d4 d5 3. e5 c5 4. c3 Nc6 5. Nf3 Qb6 6. Bd3 cxd4 7. O-O Bd7 8. Re1 dxc3 9. Nxc3 a6 10. a3 Rc8 11. h4 Nge7 12. Na4 Qd8 13. h5 g6 14. b4 Nf5 15. Bg5 Be7 16. Qd2 Bxg5 17. Nxg5 Nfd4 18. Qf4 Qe7 19. h6 O-O 20. Nc5 Rc7 21.
Rac1 Nf5 22. Bxf5 exf5 23. a4 Be6 24. b5 axb5 25. axb5 Nd8 26. Nb3 Rxc1 27. Rxc1 f6 28. Nf3 fxe5 29. Qxe5 Rf7 30. Nbd4 Bd7 31. Qb8 Rf8 32. Qf4 Ne6 33. Qe5 Rf7 34. b6 Nxd4 35. Qxd4 Qe4 36. Qc5 1-0

[Event "Early-Titled-Tuesday-Blitz-October-17-2023"]
[Site "Chess.com"]
[Date "2023.10.17"]
[Round "5"]
[White "MdChess1734"]
[Black "cristiano78"]
[Result "1-0"]
[WhiteElo "2420"]
[BlackElo "2259"]
[TimeControl "180+1"]
[EndTime "8:57:47 PDT"]
[Termination "MdChess1734 won on time"]

1. e4 c5 2. Nf3 d6 3. d4 cxd4 4. Nxd4 Nf6 5. Nc3 a6 6. Bg5 e6 7. f4 Be7 8. Qf3 h6 9. Bh4 g5 10. fxg5 Nfd7 11. Bg3 Ne5 12. Qe2 hxg5 13. O-O-O Nbd7 14. Nf3 Qa5 15. Kb1 b5 16. Nxe5 Nxe5 17. Bxe5 dxe5 18. Qd3 b4 19. Ne2 Qb6 20. Ng3 a5 21. Be2 Kf8 22. Rhf1 Kg7 23. Qf3 Rf8 24. Nh5+ Kg6 25. Nf6 Rh8 26. Ng4 f6 27. Nxf6 Bb7 28.
Nd7 Raf8 29. Nxb6 Rxf3 30. Bxf3 Bc5 31. Nd7 Bd4 32. Bg4 1-0

[Event "Early-Titled-Tuesday-Blitz-October-17-2023"]
[Site "Chess.com"]
[Date "2023.10.17"]
[Round "5"]
[White "Niilo1"]
[Black "stratacticos"]
[Result "1-0"]
[WhiteElo "2304"]
[BlackElo "1719"]
[TimeControl "180+1"]
[EndTime "8:57:47 PDT"]
[Termination "Niilo1 won on time"]

1. e4 c5 2. Nf3 Nc6 3. Bb5 Na5 4. c3 a6 5. Be2 b5 6. O-O Bb7 7. Qc2 Rc8 8. a4 b4 9. d3 g6 10.
Be3 Bg7 11. Nbd2 d6 12. Rac1 bxc3 13. bxc3 Nf6 14. Qb1 O-O 15. h3 Rb8 16. Qc2 e5 17.
Rb1 Qd7 18. Rfc1 Bc6 19. Bd1 h6 20. d4 cxd4 21. cxd4 Rbc8 22. Qd3 Bb7 23. dxe5 dxe5 24. Be2 Qxd3 25. Bxd3 Rcd8 26. Bc2 Rd7 27. Bb6 Nc6 28.
Nc4 Nh5 29. a5 Nf4 30. Kf1 Nd3 31. Rd1 Rfd8 32. Ba4 Ndb4 33. Bxd8 Rxd1+ 34. Rxd1 Nd4 35. Nxd4 exd4 36. Nd6 1-0

[Event "Early-Titled-Tuesday-Blitz-October-17-2023"]
[Site "Chess.com"]
[Date "2023.10.17"]
[Round "5"]
[White "InitiatingASC"]
[Black "Tagliata"]
[Result "1/2-1/2"]
[WhiteElo "2354"]
[BlackElo "2128"]
[TimeControl "180+1"]
[EndTime "8:57:48 PDT"]
[Termination "Game drawn - insufficient material"]

1. e4 c5 2. Nf3 Nc6 3. Bb5 e6 4. O-O Nge7 5. Re1 Nd4 6. Nxd4 cxd4 7. c3 a6 8. Bf1 Nc6 9. Na3 Be7 10. Nc2 dxc3 11.
bxc3 O-O 12. d4 d6 13. Rb1 Bf6 14. Ba3 Re8 15. Nb4 Nxb4 16. Bxb4 Qc7 17. Qa4 Bd7 18. Qa5 Qxa5 19. Bxa5 Bc6 20. Bc7 d5 21. e5 Be7 22.
Bd3 Rec8 23. Ba5 b5 24. Kf1 Bd7 25. Ke2 Bd8 26. Bxd8 Rxd8 27. Rb3 Rdc8 28. Kd2 Rc6 29. Ra3 Rac8 30. f4 g6 31. g4 Kf8 32. h4 Ke7 33. Rh1 Rb8 34. Rb3 Rcb6 35. h5 b4 36. cxb4 Rxb4 37. Rxb4 Rxb4 38. Kc3 Ra4 39. hxg6 hxg6 40.
Rh7 Kf8 41. Bxg6 fxg6 42. Rxd7 Rxa2 43. Rd6 Ke7 44. f5 gxf5 45. gxf5 exf5 46. Rxd5 f4 47. Rd6 f3 48. Rf6 f2 49. d5 Re2 50. Kd4 a5 51. d6+ Kd7 52. Kd5 Rd2+ 53. Ke4 a4 54. Rf7+ Ke8 55.
e6 Rxd6 56. Rxf2 Rxe6+ 57. Kd5 Rb6 58. Ra2 Rb4 59. Kc5 Re4 60. Kb5 Kd7 61. Rxa4 Rxa4 62. Kxa4 1/2-1/2

[Event "Early-Titled-Tuesday-Blitz-October-17-2023"]
[Site "Chess.com"]
[Date "2023.10.17"]
[Round "5"]
[White "DKmirl"]
[Black "dontcatchmeifyoucant"]
[Result "1-0"]
[WhiteElo "2279"]
[BlackElo "2140"]
[TimeControl "180+1"]
[EndTime "8:57:50 PDT"]
[Termination "DKmirl won by resignation"]

1. d4 Nf6 2. Nf3 e6 3. g3 d5 4. Bg2 Be7 5. O-O O-O 6. c4 dxc4 7. Ne5 Nc6 8. Bxc6 bxc6 9. Nxc6 Qe8 10. Nxe7+ Qxe7 11. Qa4 e5 12. dxe5 Qxe5 13. Qxc4 Be6 14. Qa6 Qh5 15.
Nc3 Rfe8 16. Bf4 c5 17. Rfd1 Qh3 18. Qc6 Rac8 19. Qg2 Qh5 20. Rd2 Bh3 21. Qf3 Qxf3 22. exf3 h6 23. Rad1 Kh7 24. Be3 a5 25. Nd5 Nxd5 26.
Rxd5 Rb8 27. b3 Rb5 28. g4 Kg6 29. Rc1 Kf6 30. Rcxc5 Rxc5 31. Rxc5 Rd8 32. Rc1 Rd5 33. a3 Rd3 34. Rb1 Ke6 35. b4 Rxa3 36. b5 Rd3 37. b6 Rd8 38. b7 Rb8 39. Bf4 1-0

[Event "Early-Titled-Tuesday-Blitz-October-17-2023"]
[Site "Chess.com"]
[Date "2023.10.17"]
[Round "5"]
[White "GMSAGOR"]
[Black "borocotoajua"]
[Result "1-0"]
[WhiteElo "2478"]
[BlackElo "2590"]
[TimeControl "180+1"]
[EndTime "8:57:51 PDT"]
[Termination "GMSAGOR won on time"]

1. e4 c6 2. d4 d5 3. Nc3 dxe4 4. Nxe4 Nd7 5. Nf3 Ngf6 6. Nxf6+ Nxf6 7. Bc4 Bf5 8. Bb3 e6 9. Qe2 Bd6 10. h3 Qc7 11.
Ne5 O-O 12. Bf4 c5 13. dxc5 Qxc5 14. O-O Rfd8 15. Rad1 Ne4 16. Nd3 Qc7 17. Qe3 a5 18. a4 Rac8 19. c3 Bxf4 20. Nxf4 Nc5 21. Ba2 Nxa4 22.
g4 Bg6 23. Nxe6 fxe6 24. Bxe6+ Bf7 25. Bxc8 Rxc8 26. Rd2 Nb6 27. Qg5 Nc4 28. Re2 h6 29. Qc1 a4 30. Rfe1 Qb6 31. Re7 Qxb2 32. Qf4 Bg6 33.
Rxg7+ Kxg7 34. Re7+ Kg8 35. Qf6 1-0

[Event "Early-Titled-Tuesday-Blitz-October-17-2023"]
[Site "Chess.com"]
[Date "2023.10.17"]
[Round "5"]
[White "KorolDimitriy75"]
[Black "Fh2411"]
[Result "0-1"]
[WhiteElo "2407"]
[BlackElo "2540"]
[TimeControl "180+1"]
[EndTime "8:57:51 PDT"]
[Termination "Fh2411 won by resignation"]

1. d4 Nf6 2. c4 e6 3. Nc3 Bb4 4.
Qc2 d5 5. cxd5 Qxd5 6. e3 O-O 7.
Bd2 Bxc3 8. bxc3 c5 9. Nf3 Nc6 10. Be2 b6 11. O-O Bb7 12. Rfd1 Rac8 13. c4 Qe4 14.
Bd3 Qg4 15. h3 Qh5 16. Bc3 Nb4 17. Bxb4 Bxf3 18. gxf3 cxb4 19. Kg2 Nd5 20. Rg1 a5 21. Kh2 f5 22. f4 Rf6 23. Rg5 Qh4 24. Rag1 g6 25. Qd1 Qxf2+ 26. R1g2 Nxe3 27. Rxf2 Nxd1 28. Re2 Rd8 29. d5 exd5 30. cxd5 Nc3 31. Re7 Rf7 32. d6 Rxe7 33. dxe7 Re8 34. Bxf5 Rxe7 35. Bg4 Kf7 36. Rb5 Nxb5 0-1

[Event "Early-Titled-Tuesday-Blitz-October-17-2023"]
[Site "Chess.com"]
[Date "2023.10.17"]
[Round "5"]
[White "dosto07"]
[Black "falzehope0"]
[Result "1-0"]
[WhiteElo "2539"]
[BlackElo "2335"]
[TimeControl "180+1"]
[EndTime "8:57:52 PDT"]
[Termination "dosto07 won on time"]

1. e4 d6 2. d4 Nf6 3. Nc3 Nbd7 4.
Nf3 e5 5. Bc4 Be7 6. O-O O-O 7.
Re1 c6 8. a4 Qc7 9. b3 h6 10.
Bb2 Re8 11. Bd3 Nf8 12. Ne2 Ng6 13. Ng3 Nh7 14. Nf5 Bf6 15. dxe5 dxe5 16. Bc4 Rd8 17. Qe2 Nf4 18. Qf1 Ng5 19. Nxg5 hxg5 20. g3 Ne6 21. Rad1 Nd4 22. Bxd4 exd4 23. Qe2 Qe5 24. Qh5 Be6 25.
Bd3 g6 26. Qf3 gxf5 27. exf5 Bd5 28. Qg4 Qd6 29. h4 Re8 30. hxg5 Rxe1+ 31. Rxe1 Be5 32. f6 Kf8 33. Qh5 Bxf6 34. gxf6 Qxf6 35. Qe2 Kg8 36.
Qh5 Qg7 37. Qh4 Rf8 38. Re7 b6 39. Rxa7 Re8 40. Kf1 1-0

[Event "Early-Titled-Tuesday-Blitz-October-17-2023"]
[Site "Chess.com"]
[Date "2023.10.17"]
[Round "5"]
[White "bascheyaro"]
[Black "Firouzja2003"]
[Result "0-1"]
[WhiteElo "2842"]
[BlackElo "3083"]
[TimeControl "180+1"]
[EndTime "8:57:53 PDT"]
[Termination "Firouzja2003 won by checkmate"]

1. d4 Nf6 2. c4 g6 3. Nf3 Bg7 4. Nc3 O-O 5. Bf4 d6 6. e3 c5 7. Be2 Nc6 8. O-O Nh5 9. Bg5 h6 10.
Bh4 cxd4 11. Nxd4 Nf4 12. Bf3 Nxd4 13. exd4 g5 14. Bg3 Ne6 15. d5 Nd4 16. Bh5 e5 17.
dxe6 Bxe6 18. Nd5 Rc8 19. Rc1 Bxd5 20. cxd5 Qa5 21. Bxd6 Rfe8 22. Rxc8 Rxc8 23. f4 Qxd5 24. Be5 Bxe5 25. fxe5 Qxe5 26. Bxf7+ Kg7 27. Qd3 Ne2+ 28.
Kh1 Nf4 29. Qf3 Qe2 30. Qxe2 Nxe2 31. Bd5 Nf4 32. Bxb7 Rc2 33. g3 Nd3 34. Bd5 Nf2+ 35. Kg1 Nh3+ 36. Kh1 Rxb2 37. Rf7+ Kg6 38. Rxa7 g4 39. Be4+ Kf6 40. Ra5 Nf2+ 41. Kg1 Nxe4 42. Ra4 Ng5 43. Rf4+ Ke6 44. Rxg4 Nf3+ 45. Kh1 Rxh2# 0-1

[Event "Early-Titled-Tuesday-Blitz-October-17-2023"]
[Site "Chess.com"]
[Date "2023.10.17"]
[Round "5"]
[White "whiteglovethief"]
[Black "rasmussvane"]
[Result "0-1"]
[WhiteElo "2672"]
[BlackElo "2989"]
[TimeControl "180+1"]
[EndTime "8:57:54 PDT"]
[Termination "rasmussvane won on time"]

1. d4 d5 2. c4 e6 3. Nf3 a6 4. e3 Nf6 5. b3 Bd6 6. Bd3 b6 7. O-O O-O 8. Bb2 Bb7 9. Nbd2 Nbd7 10.
Qe2 Qe7 11. e4 dxe4 12. Nxe4 Ba3 13. Nxf6+ Nxf6 14. Ne5 Bxb2 15. Qxb2 Rfd8 16. Rfe1 c5 17. d5 Rd6 18. dxe6 Qxe6 19. Bf1 Qf5 20. Rad1 Rxd1 21.
Rxd1 Re8 22. Nd3 h5 23. Re1 Rxe1 24. Nxe1 h4 25. h3 Nh5 26. Bd3 Qe6 27. Qe2 Nf4 28.
Qxe6 Nxe6 29. Nc2 Kf8 30. f3 Ke7 31. Kf2 Kd6 32. Ke3 Ke5 33. Bf1 g5 34. Ne1 f6 35. Nd3+ Kd6 36. Nf2 Bc6 37. Bd3 Be8 38. Be4 Nf4 39. Bb7 Nxg2+ 40. Kd2 a5 41. Ne4+ Ke5 42.
Ke2 Nf4+ 0-1

[Event "Early-Titled-Tuesday-Blitz-October-17-2023"]
[Site "Chess.com"]
[Date "2023.10.17"]
[Round "5"]
[White "Martial2008"]
[Black "ozates"]
[Result "1-0"]
[WhiteElo "2632"]
[BlackElo "2743"]
[TimeControl "180+1"]
[EndTime "8:57:54 PDT"]
[Termination "Martial2008 won on time"]

1. d4 Nf6 2. Nf3 b6 3. Bg5 Ne4 4. h4 Bb7 5. e3 h6 6. Bf4 e6 7.
Nbd2 Nxd2 8. Qxd2 d6 9. Bd3 Nd7 10. c3 Qe7 11. O-O-O e5 12. dxe5 dxe5 13. Nxe5 Nxe5 14.
Bxe5 Qxe5 15. Be4 Bd6 16. Bxb7 Rd8 17. Bc6+ Kf8 18. f4 Qc5 19. Bf3 a5 20. e4 g6 21. e5 Be7 22. Qe2 Kg7 23. g3 a4 24.
a3 h5 25. Kb1 Rxd1+ 26. Rxd1 Rd8 27. Rxd8 Bxd8 28. Qd1 Be7 29. Qd4 Qb5 30. Ka2 Qb3+ 31. Ka1 Bc5 32. Qd2 Qc4 33. Bd5 Qf1+ 34. Ka2 Qg1 35.
Qd3 Be3 36. e6 fxe6 37. Bxe6 Qxg3 38. Qd7+ Kh6 39. Qe8 Bd4 40. cxd4 1-0

[Event "Early-Titled-Tuesday-Blitz-October-17-2023"]
[Site "Chess.com"]
[Date "2023.10.17"]
[Round "5"]
[White "szefru"]
[Black "Actuary44"]
[Result "1-0"]
[WhiteElo "2345"]
[BlackElo "2520"]
[TimeControl "180+1"]
[EndTime "8:57:54 PDT"]
[Termination "szefru won by checkmate"]

1. e4 b6 2. d4 Bb7 3. Nc3 e6 4. f3 Nf6 5. Be3 d5 6. e5 Nfd7 7. f4 c5 8. Nf3 Nc6 9. Bb5 Qc7 10. Qd2 O-O-O 11. O-O h6 12. a4 f5 13. Bxc6 Bxc6 14. Nb5 Qb8 15. dxc5 bxc5 16. Qa5 Kb7 17. Nh4 Nb6 18.
b3 Nc8 19. Ng6 d4 20. Qxd8 dxe3 21. Nxh8 Be7 22. Nd6+ Bxd6 23. exd6 Qxd6 24. Qxd6 Nxd6 25. Rfe1 Be4 26. Rac1 c4 27. Rxe3 Kc6 28. Ng6 Kc5 29.
Kf2 Bd5 30. Ne5 cxb3 31. cxb3+ Kb4 32. Rc7 g5 33. fxg5 hxg5 34. g3 Bxb3 35. Rxa7 Bxa4 36. Nd3+ Kb5 37. Re5+ Kc4 38. Nb2+ Kd4 39. Rxe6 Ne4+ 40. Rxe4+ fxe4 41. Rxa4+ Ke5 42. Ke3 Kf5 43. Rxe4 Kg6 44. g4 Kh6 45. Ra4 Kg7 46. Ra6 Kf7 47. Ke4 Ke7 48. Kf5 Kd7 49. Kxg5 Kc7 50. h4 Kb7 51. h5 Kc7 52. h6 Kb7 53. Rf6 Kc7 54. h7 Kd7 55. h8=Q Ke7 56. Qg7+ Ke8 57. Rf8# 1-0

[Event "Early-Titled-Tuesday-Blitz-October-17-2023"]
[Site "Chess.com"]
[Date "2023.10.17"]
[Round "5"]
[White "emeli_chess"]
[Black "Shuvalov"]
[Result "1-0"]
[WhiteElo "2413"]
[BlackElo "2500"]
[TimeControl "180+1"]
[EndTime "8:57:54 PDT"]
[Termination "emeli_chess won on time"]

1. d4 Nf6 2. c4 g6 3. Nc3 d5 4.
cxd5 Nxd5 5. e4 Nxc3 6. bxc3 Bg7 7. Bc4 c5 8. Ne2 O-O 9. Be3 Nc6 10. h4 cxd4 11.
cxd4 Qa5+ 12. Kf1 Rd8 13. h5 Bg4 14. hxg6 Bxe2+ 15. Qxe2 hxg6 16. Qf3 e6 17. Qh3 Nxd4 18. Qh7+ Kf8 19. Bh6 Bxh6 20. Qxh6+ Ke7 21. Rd1 Rac8 22.
Bd3 Nc6 23. Qh4+ g5 24. Qg4 Qe5 25. Rh5 Rg8 26. Bc4 Nd4 27. Bb3 b5 28. f4 Qf6 29.
e5 Qxf4+ 30. Qxf4 gxf4 31. Rxd4 Rc1+ 32. Kf2 Rb1 33. Rxf4 Rb2+ 34. Kf3 Rbxg2 35. Rh7 R8g3+ 36. Ke4 Re2+ 37. Kd4 Rd2+ 38. Kc5 Rc3+ 39. Kxb5 1-0

[Event "Early-Titled-Tuesday-Blitz-October-17-2023"]
[Site "Chess.com"]
[Date "2023.10.17"]
[Round "5"]
[White "sorch29"]
[Black "GMJustin"]
[Result "1-0"]
[WhiteElo "2406"]
[BlackElo "2170"]
[TimeControl "180+1"]
[EndTime "8:57:54 PDT"]
[Termination "sorch29 won on time"]

1. c4 Nf6 2. Nc3 e6 3. e4 d5 4. e5 Nfd7 5. d4 dxc4 6. Bxc4 Nb6 7. Bb5+ Bd7 8. Nge2 c5 9. O-O Bxb5 10. Nxb5 a6 11.
Nbc3 Nc6 12. dxc5 Bxc5 13. Bf4 Qxd1 14. Rfxd1 O-O 15. Ne4 Be7 16. b3 Nd5 17. Bg3 Rad8 18. f4 Ne3 19. Rxd8 Rxd8 20. Bf2 Rd1+ 21. Rxd1 Nxd1 22.
N2c3 Nxc3 23. Nxc3 g5 24. g3 g4 25. Kg2 f5 26.
exf6 Bxf6 27. Ne4 Be7 28. Bc5 Kf7 29. h3 gxh3+ 30. Kxh3 a5 31. Kg4 Bxc5 32. Nxc5 b6 33. Nd7 b5 34. Kg5 Nb4 35. Ne5+ Ke7 36. a4 bxa4 37. bxa4 Nd5 38. Kh6 Nc3 39. Kxh7 Nxa4 40. g4 Nc5 41. g5 a4 42. g6 1-0

[Event "Early-Titled-Tuesday-Blitz-October-17-2023"]
[Site "Chess.com"]
[Date "2023.10.17"]
[Round "5"]
[White "Langua_Chess"]
[Black "AnaKuchava"]
[Result "1-0"]
[WhiteElo "2495"]
[BlackElo "2263"]
[TimeControl "180+1"]
[EndTime "8:57:58 PDT"]
[Termination "Langua_Chess won by resignation"]

1. e4 c5 2. Nf3 d6 3. d4 cxd4 4. Nxd4 Nf6 5. Nc3 Nc6 6. Bg5 e6 7.
Bc4 a6 8. Bb3 Qc7 9. O-O Be7 10.
Kh1 O-O 11. f4 b5 12. Nxc6 Qxc6 13. e5 dxe5 14. fxe5 Bb7 15. Qe2 b4 16. exf6 gxf6 17. Bh6 Kh8 18. Bxf8 Rxf8 19. Nd1 Rg8 20. Ne3 Bc5 21.
Rf3 Qb6 22. Raf1 Bxf3 23. Rxf3 f5 24. Nc4 Qc7 25. Qe5+ Qxe5 26. Nxe5 Rg7 27. Rg3 Rxg3 28. hxg3 Kg7 29. Nd3 Bd6 30. Kh2 a5 31. Kh3 e5 32. Bd5 Kf6 33. Ne1 e4 34. c3 bxc3 35. bxc3 Be5 36. c4 Bd4 37. Nc2 Bc5 38. g4 fxg4+ 39.
Kxg4 Ke5 40. Bxf7 e3 41. Kf3 h6 42. Nxe3 Kd4 43. Nf5+ Kc3 44. Nxh6 Kb2 45. a4 Ka3 46. Be8 1-0

[Event "Early-Titled-Tuesday-Blitz-October-17-2023"]
[Site "Chess.com"]
[Date "2023.10.17"]
[Round "5"]
[White "Kostukov_Alex"]
[Black "campochess"]
[Result "1-0"]
[WhiteElo "2381"]
[BlackElo "2151"]
[TimeControl "180+1"]
[EndTime "8:57:59 PDT"]
[Termination "Kostukov_Alex won by resignation"]

1. g3 c6 2. Bg2 d5 3. d3 e5 4. e4 Ne7 5. Qe2 g6 6. exd5 Bg7 7. dxc6 Nbxc6 8. Nf3 O-O 9. O-O Nf5 10. c3 Re8 11. Nbd2 Nd6 12. Ne4 f5 13. Bg5 fxe4 14. Bxd8 exf3 15. Qxf3 Rxd8 16. Rfe1 Be6 17. Qe3 Rd7 18.
Rad1 Rf8 19. b3 Rdf7 20. Rd2 Nf5 21. Qe4 Nd6 22. Qe2 h5 23. d4 Bg4 24. f3 Bxf3 25. Bxf3 Rxf3 26. dxe5 Bxe5 27. Rxd6 Bxd6 28. Qe6+ Kg7 29.
Qxd6 R3f6 30. Qc5 b6 31. Qe3 Kh7 32. Kg2 R8f7 33. Re2 Re7 34. Qd2 Ref7 35. b4 Ne7 36. a4 Nf5 37. c4 Rd6 38. Qc3 Rfd7 39. c5 bxc5 40. bxc5 Rd3 41. Qc4 R3d4 42. Qe6 Re7 43. Qxe7+ Nxe7 44. Rxe7+ Kh6 45. Rxa7 Rc4 46. Ra5 Kg7 47.
Kf3 g5 48. Ke3 Kf6 49. Kd3 Rb4 50. c6 Rb8 51. c7 Rc8 52. Rc5 h4 53. gxh4 gxh4 54.
h3 Ke6 55. Kc4 Kd6 56. Kb5 Kd7 57. Kb6 Ra8 58. Kb7 Rc8 59. Rd5+ 1-0

[Event "Early-Titled-Tuesday-Blitz-October-17-2023"]
[Site "Chess.com"]
[Date "2023.10.17"]
[Round "5"]
[White "jaskol95"]
[Black "I_am_Javi"]
[Result "0-1"]
[WhiteElo "2602"]
[BlackElo "2742"]
[TimeControl "180+1"]
[EndTime "8:58:02 PDT"]
[Termination "I_am_Javi won by checkmate"]

1. d4 Nf6 2. Nc3 d5 3. Bf4 c6 4. e3 e6 5. Nf3 Bb4 6. Bd3 Qa5 7.
O-O Bxc3 8. bxc3 Qxc3 9. Bd6 Qa5 10. Ne5 Qd8 11. Ba3 Nbd7 12. f4 c5 13. dxc5 Qa5 14. Bb2 Qxc5 15. Bd4 Qa5 16. Qf3 Nc5 17. Qg3 O-O 18.
Nc6 bxc6 19. Bxf6 g6 20. Qh4 Nd7 21. Be7 Re8 22. Rf3 e5 23. Rh3 Nf8 24. f5 Rxe7 25. Qxe7 e4 26. Be2 Bxf5 27. g4 Be6 28. Rf1 Qd2 29. Rf2 Qxc2 30. Qh4 Qb1+ 31. Kg2 Qxa2 32. Rg3 Qa1 33. Qg5 a5 34. h4 a4 35. h5 Qg7 36.
hxg6 Nxg6 37. Rf6 a3 38. Rh3 a2 39. Rh1 a1=Q 40. Rxa1 Rxa1 41. Rf2 Nf8 42. Qe7 Bxg4 43.
Bxg4 Qxg4+ 44. Kh2 Qg1+ 45. Kh3 Qxf2 46. Qg5+ Ng6 47.
Qd8+ Kg7 48. Kg4 Qf3+ 49. Kg5 h6# 0-1

[Event "Early-Titled-Tuesday-Blitz-October-17-2023"]
[Site "Chess.com"]
[Date "2023.10.17"]
[Round "5"]
[White "KatakuriDono"]
[Black "Maitreia"]
[Result "0-1"]
[WhiteElo "2397"]
[BlackElo "2696"]
[TimeControl "180+1"]
[EndTime "8:58:02 PDT"]
[Termination "Maitreia won by resignation"]

1. d4 Nf6 2. c4 e5 3. dxe5 Ng4 4. Nh3 Bb4+ 5. Bd2 Bxd2+ 6. Nxd2 Nxe5 7. Nf4 O-O 8. e3 Ng6 9. Nxg6 hxg6 10. h4 d5 11. h5 Bf5 12. hxg6 Bxg6 13. Qg4 Re8 14. Qh3 f6 15. cxd5 Qd7 16. Qh4 Kf7 17. Bc4 Qd6 18. Bb3 Nd7 19. Nc4 Qb4+ 20. Ke2 Qb5 21. d6 Re4 22. Qh3 Ne5 23. Ke1 Rxc4 24. Rc1 Nd3+ 25. Ke2 Nxc1+ 26. Rxc1 Qxb3 27. Qd7+ Kg8 28. axb3 Rxc1 29.
dxc7 Re8 30. Qd5+ Bf7 31. Qd7 a5 32. Kd2 Rc6 33. Ke1 Rc1+ 34. Kd2 Rc5 35. Ke1 b5 36. g4 g5 37. f4 gxf4 38. Kf2 fxe3+ 39. Ke2 Rc2+ 40.
Ke1 e2 41. c8=Q Rcxc8 42. Qd2 Rcd8 43. Qxa5 Rd1+ 44. Kf2 e1=Q+ 45. Qxe1 Rdxe1 0-1

[Event "Early-Titled-Tuesday-Blitz-October-17-2023"]
[Site "Chess.com"]
[Date "2023.10.17"]
[Round "5"]
[White "MerryPoppies"]
[Black "maracayo"]
[Result "0-1"]
[WhiteElo "2131"]
[BlackElo "2369"]
[TimeControl "180+1"]
[EndTime "8:58:02 PDT"]
[Termination "maracayo won on time"]

1. d4 d6 2. Nf3 Nf6 3. Bf4 Nbd7 4. e3 b6 5. Bd3 Bb7 6. Nbd2 c5 7. c3 g6 8. O-O Bg7 9. Re1 O-O 10. Rc1 d5 11. Ne5 Nxe5 12. Bxe5 Nd7 13. Bxg7 Kxg7 14. Nf3 Qc7 15. e4 dxe4 16. Bxe4 Bxe4 17. Rxe4 Nf6 18. Re2 Rad8 19. Qe1 e6 20. dxc5 Qxc5 21. Nd4 Rd6 22. Rd1 Rfd8 23. Red2 Kg8 24. Nb3 Rxd2 25. Rxd2 Qc7 26.
Qd1 Rxd2 27. Qxd2 Nd5 28. g3 b5 29. Qd4 Nb6 30. Nd2 h5 31. Ne4 e5 32. Qd3 f5 33.
Ng5 Qd7 34. Qc2 Qe7 35. Qb3+ Kg7 36. h4 a6 37. Ne6+ Kf6 38. Ng5 Nc4 39. a4 Qd7 40. axb5 axb5 41. Qc2 e4 42. b3 Qd2 43. Qb1 e3 44.
bxc4 Qxf2+ 45. Kh1 e2 0-1